Map: Prion Terraces

Players

Guru

  • Race: Zerg Zerg
  • League: Diamond

Zanster - Winner!

  • Race: Zerg Zerg

Event: Homestory Cup XII

VOD

Have the link to the VOD?

Description

Time

  • Played on: Dec. 17, 2015, 10:43 a.m.
  • Length: 26:14

All games in this series

Show
View Real Time Build Order
Export as new Build Order

Guru Zerg 

Build Orders: Hatch First, Lurkers 

Get SALT Encoding   

  12  0:01  Drone  
  13  0:13  Overlord  
  13  0:17  Drone  
  14  0:31  Drone x2  
  16  0:37  Drone  
  17  0:51  Hatchery  
  17  0:54  Drone  
  17  1:07  Spawning Pool  
  17  1:10  Extractor  
  15  1:12  Drone  
  15  1:16  Drone  
  17  1:19  Drone  
  18  1:29  Drone  
  19  1:39  Overlord  
  19  1:54  Queen  
  19  1:55  Zergling x2  
  19  2:01  Drone  
  23  2:03  Queen  
  23  2:05  Drone  
  26  2:13  Drone  
  27  2:16  Drone  
  28  2:23  Drone  
  28  2:27  Drone  
  30  2:30  Queen  
  30  2:36  Overlord  
  32  2:39  Drone  
  33  2:47  Drone, Roach Warren  
  33  2:49  Drone  
  34  2:55  Drone  
  35  3:00  Drone  
  35  3:03  Drone x2  
  35  3:05  Drone  
  39  3:10  Overlord  
  39  3:14  Drone x3  
  42  3:25  Evolution Chamber  
  41  3:27  Extractor  
  41  3:28  Lair  
  41  3:29  Drone x3  
  41  3:31  Roach x2  
  47  3:38  Roach  
  47  3:39  Roach  
  50  3:41  Overlord  
  50  3:42  Zergling x2  
  50  3:45  Overlord  
  51  4:02  Roach x2  
  51  4:04  Roach  
  51  4:06  Roach  
  53  4:10  Zerg Missile Weapons Level 1  
  53  4:11  Drone x2  
  53  4:12  Drone  
  53  4:14  Drone x3  
  53  4:16  Drone  
  60  4:19  Drone  
  60  4:20  Drone  
  62  4:27  Glial Reconstitution  
  62  4:30  Extractor  
  61  4:39  Roach  
  61  4:40  Hatchery  
  61  4:45  Roach x2  
  66  4:46  Drone  
  66  4:47  Drone  
  66  4:52  Overlord  
  68  4:55  Overlord  
  68  5:03  Overlord  
  68  5:05  Overlord x2  
  68  5:08  Overlord  
  68  5:12  Roach x2  
  72  5:16  Roach  
  72  5:18  Roach  
  77  5:21  Drone x2  
  77  5:22  Drone  
  77  5:24  Roach  
  77  5:27  Roach  
  83  5:30  Roach  
  83  5:33  Roach  
  83  5:35  Roach  
  89  5:45  Roach x2  
  89  5:48  Roach x2  
  97  5:50  Roach  
  97  5:53  Roach  
  97  5:56  Roach  
  103  5:59  Roach  
  103  6:01  Roach  
  103  6:03  Roach  
  109  6:05  Roach  
  109  6:13  Roach  
  109  6:15  Roach x3  
  109  6:17  Roach  
  114  6:20  Roach x2  
  118  6:31  Extractor  
  118  6:32  Drone  
  118  6:33  Drone x3  
  121  6:41  Overlord x2  
  121  6:45  Zerg Missile Weapons Level 2  
  121  6:47  Overlord  
  121  6:50  Overlord  
  121  6:56  Drone  
  121  6:58  Extractor  
  117  7:03  Drone x3  
  117  7:04  Drone x2  
  117  7:05  Roach x3  
  117  7:08  Roach  
  128  7:09  Hatchery, Roach  
  128  7:12  Ravager x2  
  128  7:13  Ravager x2  
  133  7:17  Ravager  
  133  7:19  Drone, Extractor  
  133  7:20  Drone x3  
  133  7:21  Roach  
  133  7:22  Drone x2  
  141  7:24  Drone  
  141  7:28  Roach x2  
  146  7:31  Roach  
  146  7:34  Roach  
  146  7:36  Roach  
  152  7:39  Roach  
  152  7:42  Overlord  
  154  7:50  Overlord  
  154  8:01  Roach x4  
  162  8:07  Overlord  
  162  8:08  Overlord  
  162  8:09  Overlord x2  
  162  8:10  Roach x2  
  162  8:11  Roach x2  
  170  8:18  Overlord x2  
  170  8:21  Roach x2  
  170  8:22  Roach  
  170  8:26  Roach x2  
  180  8:27  Roach  
  180  8:33  Roach x3  
  188  8:38  Roach x4  
  196  8:41  Roach  
  196  8:43  Roach x2  
  200  8:48  Hydralisk Den  
  195  9:00  Roach x2  
  161  9:11  Roach x3  
  161  9:13  Roach x2  
  161  9:14  Roach x8  
  173  9:22  Roach x2  
  173  9:24  Roach x2  
  175  9:26  Roach  
  175  9:30  Roach  
  175  9:31  Roach x2  
  145  9:43  Roach  
  145  9:45  Roach x4  
  137  9:46  Roach x2  
  137  9:47  Roach  
  137  9:50  Roach x2  
  142  9:58  Roach x2  
  148  10:00  Roach  
  148  10:02  Roach  
  148  10:05  Roach  
  152  10:08  Roach  
  152  10:10  Roach  
  152  10:13  Roach  
  158  10:19  Roach x2  
  158  10:21  Roach  
  164  10:25  Roach x2  
  164  10:26  Roach x2  
  164  10:27  Roach  
  174  10:29  Zerg Ground Armor Level 1  
  174  10:30  Roach  
  174  10:31  Roach  
  174  10:32  Roach x2  
  174  10:33  Roach  
  174  10:35  Ravager x4  
  186  10:36  Ravager  
  186  10:37  Ravager x3  
  186  10:40  Drone x2  
  192  10:44  Roach  
  192  10:46  Roach  
  192  10:47  Roach  
  198  11:05  Hatchery  
  197  11:14  Hydralisk  
  197  11:15  Lurker Den, Hydralisk  
  199  11:42  Spine Crawler  
  199  11:44  Spine Crawler  
  199  11:46  Spine Crawler  
  194  11:48  Hydralisk  
  194  11:49  Hydralisk x2  
  200  12:05  Hydralisk  
  196  12:08  Roach x2  
  196  12:09  Roach  
  196  12:12  Roach  
  196  12:14  Roach  
  196  12:15  Drone  
  200  12:30  Infestation Pit  
  199  12:42  Hatchery  
  194  12:45  Roach x2  
  194  12:46  Roach  
  198  12:57  Lurker x2  
  198  12:58  Lurker x2  
  183  13:28  Roach  
  183  13:29  Roach x3  
  183  13:30  Drone x2  
  183  13:31  Drone  
  183  13:32  Drone  
  183  13:33  Drone  
  180  13:48  Roach x3  
  180  13:52  Roach x3  
  160  14:01  Roach  
  160  14:02  Roach  
  135  14:03  Roach  
  137  14:14  Ravager x5  
  137  14:15  Ravager x4  
  137  14:16  Queen  
  148  14:17  Roach x2  
  148  14:18  Hydralisk x2, Roach x3  
  148  14:19  Hydralisk x2  
  148  14:21  Muscular Augments  
  157  14:25  Lurker  
  157  14:26  Hydralisk x3  
  157  14:28  Hydralisk  
  157  14:30  Hydralisk  
  165  14:34  Roach  
  165  14:36  Roach x2  
  169  14:39  Roach  
  169  14:40  Queen  
  169  14:41  Roach  
  169  14:43  Zerg Ground Armor Level 2  
  175  14:47  Roach x3  
  175  14:51  Roach  
  175  14:52  Roach  
  185  14:54  Hydralisk  
  185  14:55  Hydralisk x2  
  191  15:00  Hydralisk  
  191  15:04  Hydralisk  
  191  15:06  Hive  
  195  15:10  Hatchery  
  196  15:14  Roach x3  
  200  15:49  Roach x2  
  196  15:50  Roach x2  
  196  15:52  Roach x4  
  196  15:53  Roach x5  
  196  15:55  Roach x3  
  196  15:56  Lurker x4  
  196  15:57  Lurker  
  198  16:00  Roach  
  198  16:01  Roach  
  198  16:02  Roach x2  
  189  16:06  Roach  
  189  16:07  Roach  
  189  16:08  Roach  
  189  16:11  Drone  
  171  16:13  Roach  
  171  16:15  Roach x2  
  171  16:18  Roach  
  165  16:23  Roach x2  
  165  16:25  Roach  
  158  16:26  Roach x2  
  139  16:32  Hydralisk  
  139  16:34  Hydralisk  
  139  16:36  Roach  
  139  16:37  Roach  
  147  16:43  Roach  
  147  16:45  Overseer  
  151  16:47  Roach x2  
  151  16:49  Roach  
  151  16:52  Roach  
  149  16:57  Roach  
  149  16:59  Roach  
  149  17:00  Roach  
  155  17:05  Zergling x2  
  155  17:06  Zergling x12  
  162  17:12  Roach  
  162  17:15  Roach x2  
  150  17:19  Roach  
  150  17:21  Roach x2  
  117  17:24  Zergling x2  
  117  17:26  Zergling x2  
  119  17:30  Roach  
  119  17:31  Roach  
  119  17:35  Roach  
  122  17:38  Zergling x2  
  122  17:39  Queen x2  
  124  17:45  Roach  
  124  17:50  Extractor  
  124  17:51  Drone x3  
  128  17:54  Extractor  
  128  17:56  Drone x3  
  130  18:02  Roach  
  130  18:03  Roach  
  130  18:05  Roach  
  131  18:19  Roach  
  106  18:20  Roach  
  106  18:26  Roach  
  101  18:29  Zergling x16  
  101  18:30  Zergling x2  
  101  18:34  Roach  
  103  18:38  Roach  
  102  18:43  Zergling x2  
  102  18:46  Queen, Zergling x2  
  99  18:48  Roach  
  93  19:02  Roach x2  
  85  19:16  Overseer  
  73  20:10  Hatchery  
  72  21:07  Drone x3  
  75  21:41  Drone  
  75  21:43  Drone  
  75  21:46  Extractor  
  76  22:03  Drone x4  
  76  22:04  Drone  
  76  22:06  Extractor  
  80  22:09  Drone  
  81  22:26  Hatchery  
  80  22:35  Lurker  
  81  22:37  Drone x2  
  81  22:40  Drone x3  
  81  22:42  Drone  
  87  22:56  Lurker  
  88  23:00  Drone x4  
  88  23:01  Drone  
  88  23:03  Drone  
  94  23:07  Drone  
  94  23:11  Drone x2  
  95  23:16  Drone  
  96  23:21  Ravager x2  
  96  23:22  Drone  
  99  23:27  Drone x3  
  99  23:32  Drone, Extractor  
  103  23:34  Drone  
  103  23:38  Drone  
  104  23:43  Drone x2  
  104  23:44  Drone  
  107  23:52  Roach  
  107  23:53  Roach  
  107  23:55  Roach  
  113  23:56  Roach  
  113  24:00  Roach  
  113  24:02  Roach  
  119  24:05  Roach  
  119  24:09  Roach x2  
  122  24:12  Roach  
  122  24:14  Roach  
  123  24:18  Roach  
  123  24:21  Roach  
  123  24:26  Roach  
  104  24:38  Roach  
  90  24:51  Drone x3  
  90  24:52  Drone x6  
  95  24:53  Drone  
  95  24:57  Drone  
  95  24:59  Drone  
  98  25:05  Extractor  
  95  25:09  Drone x3  
  95  25:11  Roach  
  98  25:18  Roach  
  98  25:19  Hatchery  
  99  25:21  Roach  
  99  25:22  Drone  
  99  25:23  Drone  
  99  25:24  Drone x2  
  99  25:25  Queen, Extractor  
  106  25:31  Roach  
  106  25:33  Roach  
  108  25:36  Roach  
  108  25:39  Roach  
  112  25:44  Roach  
  112  25:45  Zergling x6  
  117  25:54  Roach x2  
Show
View Real Time Build Order
Export as new Build Order

Zanster Zerg - Winner!

Build Orders: Hatch First, Lurkers 

Get SALT Encoding   

  12  0:00  Drone  
  13  0:12  Overlord  
  13  0:17  Drone  
  14  0:31  Drone x2  
  14  0:34  Drone  
  17  0:45  Drone  
  18  0:55  Hatchery  
  17  0:58  Drone  
  18  1:06  Drone  
  18  1:10  Extractor  
  18  1:17  Drone  
  19  1:19  Spawning Pool  
  18  1:27  Drone  
  19  1:39  Drone  
  20  1:50  Overlord  
  20  2:02  Drone  
  20  2:07  Queen x2  
  25  2:09  Zergling x2  
  25  2:11  Zergling x2  
  25  2:12  Metabolic Boost  
  27  2:18  Drone  
  28  2:23  Drone  
  28  2:29  Drone  
  30  2:33  Baneling Nest  
  30  2:34  Drone  
  30  2:39  Drone  
  31  2:45  Overlord  
  31  2:56  Drone  
  31  2:57  Drone  
  32  3:02  Roach Warren  
  31  3:07  Hatchery  
  31  3:09  Drone x2  
  32  3:16  Zergling x10  
  32  3:19  Zergling x4  
  39  3:20  Zergling x2  
  39  3:25  Overlord  
  40  3:31  Extractor  
  39  3:34  Overlord  
  39  3:40  Baneling  
  39  3:41  Baneling  
  39  3:43  Queen  
  41  3:53  Drone x3  
  41  3:55  Drone x6  
  41  4:12  Evolution Chamber  
  41  4:14  Roach x3  
  46  4:20  Roach x3  
  46  4:22  Lair  
  52  4:27  Overlord  
  52  4:31  Roach x2  
  56  4:33  Drone x2  
  56  4:34  Drone  
  56  4:36  Drone  
  60  4:39  Drone, Extractor  
  60  4:40  Drone  
  60  4:41  Drone  
  60  4:45  Zerg Missile Weapons Level 1  
  62  4:47  Drone  
  62  4:49  Drone  
  62  4:51  Drone  
  65  4:55  Overlord  
  65  5:04  Drone x4  
  65  5:05  Drone x2  
  65  5:06  Drone x2  
  73  5:07  Drone  
  73  5:12  Overlord  
  74  5:15  Extractor  
  74  5:18  Drone x2  
  75  5:21  Glial Reconstitution, Extractor  
  75  5:23  Overseer  
  75  5:24  Roach x2  
  75  5:25  Roach  
  75  5:26  Roach  
  82  5:28  Overlord  
  82  5:30  Overlord  
  82  5:34  Roach  
  84  5:36  Roach  
  84  5:37  Overlord  
  86  5:43  Roach x2  
  86  5:44  Overlord  
  90  5:51  Roach x4  
  90  5:56  Overlord  
  98  6:01  Roach x4  
  106  6:04  Roach  
  106  6:05  Roach  
  106  6:09  Overlord  
  110  6:13  Roach  
  110  6:14  Roach x2  
  110  6:20  Drone  
  110  6:21  Drone x2  
  110  6:22  Drone  
  114  6:27  Overlord  
  114  6:31  Roach  
  114  6:32  Roach x4  
  124  6:42  Zerg Missile Weapons Level 2  
  124  6:45  Hatchery  
  123  6:48  Overlord  
  123  6:51  Roach x4  
  131  6:56  Roach  
  131  6:57  Roach x2  
  137  7:02  Pneumatized Carapace  
  137  7:04  Drone x2  
  137  7:05  Roach  
  137  7:06  Roach x2  
  137  7:07  Ravager  
  137  7:08  Ravager  
  147  7:10  Drone  
  147  7:11  Drone  
  149  7:24  Roach x2  
  149  7:25  Overlord x2  
  149  7:26  Overlord x2  
  153  7:34  Overlord  
  153  7:40  Overlord  
  153  7:42  Overlord x2  
  153  7:45  Roach x6  
  153  7:50  Ravager x2  
  153  7:51  Ravager x2  
  169  7:59  Roach x4  
  169  8:00  Roach x4  
  169  8:04  Queen  
  187  8:10  Roach x2  
  191  8:14  Roach x2  
  195  8:22  Ravager  
  194  8:45  Roach x4  
  200  8:51  Hydralisk Den  
  197  8:56  Overlord  
  165  9:10  Roach  
  165  9:11  Roach x14  
  187  9:18  Roach  
  187  9:19  Roach x5  
  187  9:24  Roach x6  
  191  9:35  Roach x2  
  191  9:36  Roach x4  
  185  9:40  Roach  
  185  9:41  Roach  
  164  9:49  Roach x3  
  152  9:53  Roach  
  154  10:05  Roach x4  
  162  10:08  Extractor x2  
  162  10:10  Roach x2  
  162  10:11  Zerg Ground Armor Level 1  
  162  10:14  Roach x2  
  162  10:17  Hatchery  
  162  10:20  Roach x2  
  167  10:22  Roach x8  
  183  10:29  Hatchery, Roach x3  
  183  10:33  Roach x3  
  194  10:40  Drone  
  194  10:41  Drone x2  
  197  10:43  Roach  
  195  10:59  Roach x6  
  194  11:12  Lurker Den  
  194  11:17  Ravager x3  
  194  11:18  Ravager  
  192  11:24  Overseer  
  192  11:38  Overseer  
  192  11:46  Roach  
  200  11:47  Roach x7  
  200  11:53  Ravager x2  
  200  11:54  Ravager  
  199  11:59  Overlord  
  199  12:00  Hydralisk x3  
  195  12:14  Hydralisk  
  195  12:15  Hydralisk x2  
  179  12:17  Overlord  
  181  12:31  Roach  
  181  12:32  Roach x8  
  199  12:40  Lurker x3  
  200  12:57  Lurker x2  
  200  12:58  Lurker  
  195  12:59  Spine Crawler  
  195  13:00  Spine Crawler  
  193  13:10  Infestation Pit  
  193  13:11  Hatchery  
  189  13:15  Hydralisk  
  189  13:16  Hydralisk x3, Roach  
  169  13:50  Roach  
  169  13:51  Roach x16  
  178  13:57  Roach  
  178  13:58  Roach x18  
  178  14:02  Roach  
  186  14:03  Roach x7  
  186  14:09  Drone x3  
  196  14:10  Drone  
  196  14:13  Overseer  
  194  14:19  Hydralisk  
  194  14:20  Hydralisk x2  
  198  14:32  Lurker x2  
  194  14:39  Roach x3  
  196  15:09  Lurker x3  
  196  15:14  Lurker  
  200  15:25  Hive  
  194  15:28  Drone  
  194  15:29  Drone x2, Extractor  
  194  15:32  Roach  
  194  15:33  Roach  
  191  15:51  Drone x2  
  191  15:52  Drone x6  
  191  15:55  Roach x5  
  161  16:07  Roach  
  161  16:08  Roach x14  
  160  16:12  Roach  
  160  16:13  Roach  
  156  16:22  Roach  
  156  16:23  Roach x4  
  157  16:26  Roach  
  153  16:36  Roach x5  
  155  16:40  Overseer  
  154  16:54  Roach x5  
  154  16:59  Hatchery  
  161  17:03  Roach x3  
  151  17:16  Roach x4  
  126  17:24  Roach  
  126  17:25  Roach x2  
  124  17:31  Roach x2  
  124  17:34  Drone  
  124  17:35  Drone  
  124  17:36  Drone  
  123  17:43  Roach  
  125  17:52  Roach x2  
  129  18:00  Drone  
  130  18:16  Roach  
  130  18:17  Roach x3  
  120  18:32  Roach x4  
  120  18:33  Roach x2  
  130  18:42  Drone  
  130  18:43  Drone  
  117  19:24  Hatchery  
  111  19:30  Hatchery  
  88  20:10  Overseer  
  88  20:14  Ravager x3  
  90  20:45  Drone  
  90  20:48  Roach Warren  
  90  20:55  Hydralisk  
  92  21:04  Hydralisk  
  94  21:34  Roach  
  94  21:35  Roach  
  94  21:36  Roach  
  94  21:37  Roach  
  102  21:48  Drone x2  
  102  21:49  Drone  
  103  22:04  Drone  
  103  22:05  Drone  
  103  22:06  Extractor x2  
  103  22:09  Drone  
  103  22:10  Extractor  
  103  22:11  Hatchery  
  103  22:14  Roach  
  104  22:16  Drone  
  104  22:17  Drone  
  106  22:41  Drone x4  
  106  22:42  Drone  
  111  22:47  Hatchery  
  111  22:49  Lurker  
  111  22:59  Lurker  
  111  23:01  Roach x2  
  116  23:06  Roach x2  
  120  23:14  Roach  
  120  23:15  Roach x2  
  126  23:20  Roach x2  
  126  23:25  Roach  
  132  23:31  Roach  
  132  23:48  Roach  
  132  23:49  Roach x3  
  132  23:52  Overseer  
  140  24:10  Roach x5  
  148  24:18  Overlord  
  148  24:31  Roach x5  
  158  24:38  Roach  
  158  24:42  Roach x2  
  152  24:48  Roach  
  138  25:03  Roach x4  
  138  25:06  Ravager x3  
  145  25:17  Roach x3  
  151  25:31  Roach x5  
  163  25:35  Roach  
Tags
 
Add a new tag
Caveats
  • Supply blocks, unpowered buildings, or Contaminate may cause inaccurate times.
  • Supply counts are checked every 10 seconds.